 Dungeon Crawl Stone Soup version 0.32-a0-136-gc02482bde3 (webtiles) character file.

Game seed: 2511655917739556627

441 Ceno the Changeling (level 7, -19/46 HPs)
             Began as an Octopode Shapeshifter on Feb 10, 2024.
             Was a Believer of the Shining One.
             Demolished by an ogre
             ... wielding a +0 giant club
              (30 damage)
             ... on level 4 of the Dungeon.
             The game lasted 00:05:56 (2960 turns).

Ceno the Changeling (Octopode Shapeshifter)         Turns: 2960, Time: 00:05:56

Health: -19/46     AC:  5    Str: 16    XL:     7   Next: 2%
Magic:  16/16      EV: 13    Int: 12    God:    the Shining One [**....]
Gold:   193        SH:  0    Dex: 11    Spells: 6/6 levels left

rFire   . .          .
                       - Unarmed
rCold   . . .        (no shield)
rNeg    + . .        (helmet currently unavailable)
rPois   .            (no amulet)
rElec   .            n - ring of magical power
rCorr   .            p - +4 ring of protection
SInv    .            r - ring of wizardry
Will    .....        (no ring)
Stlth   ++           (no ring)
HPRegen 0.27/turn    (no ring)
MPRegen 0.15/turn    (no ring)
                     (no ring)

%: wizardry (x1)
@: beast-form, glowing
A: beast (slay +2), almost no armour, amphibious, 8 rings, camouflage 1,
gelatinous body 1, (nimble swimmer 1), tentacles
a: Begin Untransformation, Renounce Religion, Divine Shield


You were on level 4 of the Dungeon.
You worshipped the Shining One.
The Shining One was pleased with you.
You were a hulking beast.
You visited 1 branch of the dungeon, and saw 4 of its levels.

You collected 193 gold pieces.

Inventory:

Missiles
 j - 28 stones
Jewellery
 n - a ring of magical power (left tentacle)
 p - a +4 ring of protection (right tentacle)
 r - a ring of wizardry (on tentacle)
Talismans
 b - a beast talisman
 c - a flux talisman
Wands
 q - a wand of charming (6) (quivered)
Scrolls
 e - a scroll of vulnerability {unknown}
 f - a scroll of enchant weapon {unknown}
 g - 4 scrolls of identify
 h - 2 scrolls of teleportation {unknown}
 i - a scroll of blinking {unknown}
 l - a scroll of fear {unknown}
 m - 2 scrolls of noise {unknown}
 t - a scroll of enchant armour {unknown}
Potions
 a - a potion of lignification
 d - a potion of magic
 k - 2 potions of heal wounds
 o - a potion of cancellation
 s - a potion of enlightenment {unknown}


   Skills:
 + Level 3.1 Fighting
 - Level 2.0 Dodging
 + Level 4.2 Stealth
 + Level 4.3 Unarmed Combat
 * Level 5.0 Shapeshifting


You had 6 spell levels left.
You didn't know any spells.
Your spell library contained the following spells:

 Spells                   Type           Power      Damage    Failure   Level
 Shock                    Conj/Air       0%         1d3       13%         1
 Lesser Beckoning         Tloc           0%         N/A       21%         2
 Static Discharge         Conj/Air       0%         3-3/arc   21%         2
 Call Canine Familiar     Summ           0%         N/A       36%         3
 Gell's Gravitas          Tloc           0%         N/A       36%         3
 Sigil of Binding         Hex            0%         N/A       36%         3
 Swiftness                Air            0%         N/A       36%         3
 Teleport Other           Tloc           0%         N/A       36%         3
 Airstrike                Air            0%         2d(0-16)  75%         4
 Dimensional Bullseye     Hex/Tloc       0%         N/A       75%         4
 Summon Lightning Spire   Summ/Air       0%         N/A       75%         4


Dungeon Overview and Level Annotations

Branches:
Dungeon (4/15)
 Temple: D:4-7

Altars:
Fedhas
The Shining One

Shops:
D:1 *

Annotations:
D:2 Terence
D:3 2 transporters


Innate Abilities, Weirdness & Mutations

You are a hulking beast.
Your limbs bulge with bestial killing power. (Slay +2)
You cannot wear most types of armour.
You are amphibious.
You can wear up to eight rings at the same time.
Your skin changes colour to match your surroundings (Stealth+).
Your rubbery body absorbs attacks. (AC +1, EV +1)
((You are camouflaged when in or above water. (Stealth+)))
You have tentacles for arms and can constrict up to eight enemies at once.


Message History

You see here 2 boomerangs.
There is a stone staircase leading down here.
You climb downwards.
There is a stone staircase leading up here.
A quokka is nearby!
You closely miss the quokka. You grab the quokka.
You constrict the quokka, but do no damage.
The quokka closely misses you.
You tentacle-slap the quokka.
The quokka is severely wounded.
You constrict the quokka.
You kill the quokka!
Found 13 gold pieces.
You now have 193 gold pieces (gained 13).
An orc wizard comes into view. It is wielding a +0 dagger.
The orc wizard shouts!
The orc wizard completely misses you.
The orc warrior shouts!
The orc shouts!
The orc wizard points at you and mumbles some strange words.
The puff of flame hits you!
The orc warrior hits you with a +0 scimitar!
Aiming: Charm
Press: ? - help, Q - select action, (/) - cycle Shift-Dir - straight line, f - orc warrior
Aim: an orc warrior, wielding a +0 scimitar, wearing a +0 chain mail and carrying a wand of iceblast (haloed, chance to affect: 49%)
The orc warrior resists with some effort.
The orc wizard hits you with a +0 dagger.
The orc warrior hits you with a +0 scimitar.
* * * LOW HITPOINT WARNING * * *
Aiming: Charm
Press: ? - help, Q - select action, (/) - cycle Shift-Dir - straight line, f/p - orc warrior
Aim: an orc warrior, wielding a +0 scimitar, wearing a +0 chain mail and carrying a wand of iceblast (haloed, chance to affect: 49%)
The orc warrior resists with some effort.
The orc wizard hits you with a +0 dagger.
* * * LOW HITPOINT WARNING * * *
The orc warrior hits you with a +0 scimitar.
* * * LOW HITPOINT WARNING * * *
The ogre attacks as it pursues you!
The ogre hits you with a +0 giant club!!
Ouch! That really hurt!
You die...

†#............ ....S.$ .
<#....).#..### ......... ..
........##.### .......... .#
.#......##.#.. ##......... ...
♣.......##...###........#.####.#
♣....#............[###.........#
♣............................##
♣........................)....##
♣....).......)..h..............#
♣.............oOo..>...........##
♣...............o.<...........)..
.........†.......................
..............†..................
.............................###.
....######....###.....#.....####.
##.### #.#### ####..####.......
#...# #.# #.# ########


You could see an orc warrior, an ogre, an orc wizard and an orc.

Vanquished Creatures
  A bullfrog (D:3)
  A scorpion (D:4)
  4 orc priests
  An iguana (D:4)
  Natasha (thrice) (D:2)
  2 adders (D:2)
  A dart slug (D:2)
  A ribbon worm (D:2)
  9 orcs
  7 endoplasms
  6 giant cockroaches
  3 goblins
  8 hobgoblins
  7 kobolds
  2 quokkas
  8 ball pythons
  6 bats
  2 frilled lizards (D:3)
  3 rats
75 creatures vanquished.

Notes
Turn   | Place    | Note
-------+----------+-------------------------------------------
     0 | D:1      | Ceno the Octopode Shapeshifter began the quest for the Orb.
     0 | D:1      | Reached XP level 1. HP: 13/13 MP: 1/1
   129 | D:1      | Reached XP level 2. HP: 14/18 MP: 2/2
   191 | D:1      | Reached skill level 1 in Stealth
   272 | D:1      | Found Sumnob's Assorted Antiques.
   277 | D:1      | Found a faded altar of an unknown god.
   293 | D:1      | Prayed at the altar of an unknown god.
   293 | D:1      | Became a worshipper of the Shining One
   293 | D:1      | Reached * piety under the Shining One
   543 | D:1      | Reached XP level 3. HP: 23/23 MP: 3/3
   872 | D:2      | Identified the +10 whip of the Hidden Suns {heavy, Str+3}
  1271 | D:2      | Noticed Natasha
  1280 | D:2      | Killed Natasha
  1281 | D:2      | Reached XP level 4. HP: 16/29 MP: 4/4
  1505 | D:2      | Noticed Terence
  1555 | D:2      | Noticed Natasha
  1565 | D:2      | Killed Natasha
  1679 | D:2      | Noticed Natasha
  1686 | D:2      | Killed Natasha
  1687 | D:2      | Reached skill level 4 in Shapeshifting
  1687 | D:2      | Reached XP level 5. HP: 16/34 MP: 5/5
  1886 | D:3      | Found a transporter.
  1919 | D:3      | Found a transporter.
  2181 | D:3      | Reached XP level 6. HP: 34/41 MP: 6/6
  2185 | D:3      | Reached ** piety under the Shining One
  2476 | D:3      | Found a blossoming altar of Fedhas.
  2762 | D:4      | Found a glowing golden altar of the Shining One.
  2803 | D:4      | Reached skill level 5 in Shapeshifting
  2805 | D:4      | Reached XP level 7. HP: 46/46 MP: 7/7
  2960 | D:4      | Demolished by an ogre

Illustrated notes

Levels and vault maps discovered:
D:1:      beargit_arrival_diablo_church, layout_basic, serial_shops,
          shop_fountains, chequers_ecumenical_altar_simple, minmay_statues_item,
          serial_bayou_pond_c
D:2:      layout_loops_ring, uniq_terence, uniq_natasha
D:3:      gammafunk_wand_slinger, layout_loops_ring, fedhas_altar_2,
          st_stairs_12, minmay_misc_feat_tiny, grunt_ministairs_6,
          kennysheep_orc_chapel
D:4:      layout_rooms, nzn_wu_jian_contemplation, mainiacjoe_overflow_alcove_1

Skill      XL: |  1  2  3  4  5  6 |
---------------+-------------------+-----
Stealth        | 1 2 3 4 |  4.2
Fighting       | 2 3 |  3.1
Shapeshifting  | 4 5 |  5.0
Unarmed Combat | 4 |  4.3
Dodging        | |  2.0

Action                     |  1- 3 |  4- 6 |  7- 9 || total
---------------------------+-------+-------+-------++-------
  Melee: Unarmed           |    69 |    73 |     6 ||   148
         Constrict         |    16 |    23 |     2 ||    41
         Tentacles         |    10 |    17 |     1 ||    28
         Punch             |     1 |     4 |       ||     5
  Throw: Stone             |       |     1 |       ||     1
  Evoke: Wand              |       |       |     2 ||     2
    Use: Scroll            |       |     3 |       ||     3
 Armour: Skin              |    28 |    26 |     8 ||    62
  Dodge: Dodged            |    45 |    19 |     2 ||    66

Table legend: (Time is in decaauts)
 A = Elapsed time spent in this place.
 B = Non-inter-level travel time spent in this place.
 C = Inter-level travel time spent in this place.
 D = Time resting spent in this place.
 E = Time spent auto-exploring this place.
 F = Levels seen in this place.
 G = Mean time per level.
                   A        B        C        D        E       F      G
               +--------+--------+--------+--------+--------+-----+--------+
         Total |   2950 |   2836 |    114 |    104 |   2167 |   4 |  737.5 |
       Dungeon |   2950 |   2836 |    114 |    104 |   2167 |   4 |  737.5 |
               +--------+--------+--------+--------+--------+-----+--------+

Top non-repeatable levels by time:
     D:2: 1010 daAuts
     D:3: 940 daAuts
     D:1: 773 daAuts
     D:4: 226 daAuts
